 Dungeon Crawl Stone Soup version 0.30-a0-591-g3c58d2bc28 (webtiles) character file.

Game seed: 3480602872744364034

33 spardeous the Ducker (level 3, -11/14 HPs)
             Began as a Felid Earth Elementalist on Jan 6, 2023.
             Mangled by an ogre
             ... wielding a +0 giant spiked club
              (25 damage)
             ... on level 4 of the Dungeon.
             The game lasted 00:01:44 (1109 turns).

spardeous the Ducker (Felid Earth Elementalist)     Turns: 1109, Time: 00:01:44

Health: -11/14     AC:  1    Str:  4    XL:     3   Next: 12%
Magic:  4/7        EV: 18    Int: 18    God:
Gold:   152        SH:  0    Dex: 16    Spells: 5/6 levels left
                                        Lives:  0   Deaths: 0

rFire   . . .      SeeInvis +    (weapon unavailable)
rCold   . . .      Faith    .    (shield unavailable)
rNeg    . . .      Spirit   .    (body armour unavailable)
rPois   +          Reflect  .    (helmet unavailable)
rElec   .          Harm     .    (cloak unavailable)
rCorr   .          Rampage  .    (gloves unavailable)
Will    .....                    (boots unavailable)
Stlth   ++                       (no amulet)
HPRegen 0.22/turn                d - ring of poison resistance
MPRegen 0.10/turn                (no ring)

@: quick
A: very small, claws 1, fangs 3, see invisible, speed 1, shaggy fur 1, stealthy
paws, no weapons or thrown items, no armour, multi-lived
a: no special abilities


You were on level 4 of the Dungeon.
You visited 1 branch of the dungeon, and saw 3 of its levels.

You collected 152 gold pieces.

Inventory:

Jewellery
 d - a ring of poison resistance (left paw)
Scrolls
 f - a scroll of magic mapping {unknown}
 g - a scroll of blinking {unknown}
Potions
 a - a potion of magic
 b - 2 potions of flight {unknown}
 c - a potion of cancellation {unknown}
 e - a potion of lignification {unknown}


   Skills:
 + Level 3.9 Dodging
 - Level 2.6 Stealth
 - Level 2.0 Spellcasting
 - Level 1.1 Transmutations
 + Level 3.3 Earth Magic


You had 5 spell levels left.
You knew the following spells:

 Your Spells              Type           Power      Damage    Failure   Level
a - Sandblast             Erth           26%        2d8       4%          1

Your spell library contained the following spells:

 Spells                   Type           Power      Damage    Failure   Level
 Passwall                 Tmut/Erth      7%         N/A       11%         2
 Blink                    Tloc           2%         N/A       26%         2
 Momentum Strike          Conj/Tloc      2%         3d8       26%         2
 Stone Arrow              Conj/Erth      14%        3d7       26%         3
 Lesser Beckoning         Tloc           2%         N/A       47%         3
 Petrify                  Tmut/Erth      9%         N/A       58%         4


Dungeon Overview and Level Annotations

Branches:
Dungeon (4/15)
 Temple: D:4-7

Altars:

Annotations:
D:4 Robin


Innate Abilities, Weirdness & Mutations

You have sharp claws.
You have razor-sharp teeth.
You have supernaturally acute eyesight. (SInv)
You cover ground quickly. (Speed+)
You are covered in fur. (AC +1)
Your paws help you pounce on unaware monsters.
You are incapable of wielding weapons or throwing items.
You cannot wear armour.
You gain extra lives every three experience levels.


Message History

The ogre shouts!
You hear an angry hiss.
A hound comes into view.
Casting: Sandblast (safe; 4% risk of failure)
Confirm with . or Enter, or press ? or * to list all spells.
Aiming: Sandblast (safe; 4% risk of failure)
Press: ? - help, Shift-Dir - straight line, f - goblin
Aim: a goblin, wielding a +0 dagger (77% to hit)
The blast of sand hits the goblin.
You kill the goblin!
The hound barks!
An iguana comes into view.
Casting: Sandblast (safe; 4% risk of failure)
Confirm with . or Enter, or press ? or * to list all spells.
You don't know that spell.
Unknown command.
A goblin comes into view. It is wielding a +0 dagger.
A goblin comes into view. It is wielding a +0 club.
Casting: Sandblast (safe; 4% risk of failure)
Confirm with . or Enter, or press ? or * to list all spells.
Aiming: Sandblast (safe; 4% risk of failure)
Press: ? - help, Shift-Dir - straight line, f - ogre
Aim: an ogre, wielding a +0 giant spiked club (91% to hit)
The blast of sand hits the ogre!
The ogre is moderately wounded.
Robin roars a battlecry!
The goblin goes into a battle-frenzy!
A quokka comes into view.
Casting: Sandblast (safe; 4% risk of failure)
Confirm with . or Enter, or press ? or * to list all spells.
Aiming: Sandblast (safe; 4% risk of failure)
Press: ? - help, Shift-Dir - straight line, f/p - ogre
Aim: an ogre, wielding a +0 giant spiked club (moderately wounded, 91% to hit)
The blast of sand hits the ogre.
The ogre is heavily wounded.
A goblin comes into view. It is wielding a +0 club.
The goblin closely misses you.
The orc throws a boomerang.
The boomerang misses you.
The ogre hits you with a +0 giant spiked club!!
Ouch! That really hurt!
You die... . .# #g gg.

#######. ... .
####...... g. ..
#......hg## .g
...# .......O..##
.##.o.. #@g..#
..... # ##...##..#
##. ##.ogg.#
#..###....>##
.............# ..
............##..#
.....#..........#
.....##...........
..................


You could see an ogre, a hound, Robin, an orc and 4 goblins.

Vanquished Creatures
  A worm (D:2)
  2 dart slugs (D:1)
  4 ball pythons (D:1)
  3 endoplasms (D:1)
  2 giant cockroaches (D:1)
  3 goblins
  2 hobgoblins (D:1)
  3 frilled lizards (D:1)
  4 kobolds (D:1)
  A rat (D:1)
25 creatures vanquished.

Notes
Turn   | Place    | Note
-------+----------+-------------------------------------------
     0 | D:1      | spardeous the Felid Earth Elementalist began the quest for
                  | the Orb.
     0 | D:1      | Reached XP level 1. HP: 7/7 MP: 4/4
   236 | D:1      | Reached XP level 2. HP: 11/11 MP: 0/6
   572 | D:1      | Found a faded altar of an unknown god.
   760 | D:1      | Reached XP level 3. HP: 14/14 MP: 5/7
  1085 | D:2      | You fall into a shaft and drop 2 floors!
  1098 | D:4      | Noticed Robin
  1103 | D:4      | Noticed an ogre
  1109 | D:4      | Mangled by an ogre

Illustrated notes

Levels and vault maps discovered:
D:1:      co_arrival_hexagon_in_a_hexagon, layout_basic,
          hellmonk_ecumenical_altar_slurped_away, corexii_hall_statues_l
D:2:      layout_basic
D:4:      layout_cave_pools, mainiacjoe_overflow_alcove_2,
          chequers_temple_overflow_statue_of_worship, grunt_ministairs_15,
          minmay_manual_monstrance, uniq_robin

Skill      XL: |  1 |
---------------+----+-----
Dodging        | 3 |  3.9
Earth Magic    | 3 |  3.3
Stealth        | |  2.6
Spellcasting   | |  2.0
Transmutations | |  1.1

Action                   || total
-------------------------++-------
Melee: Unarmed           ||     4
       Bite              ||     1
 Cast: Sandblast         ||    45
Armor: Skin              ||     1
Dodge: Dodged            ||    24

Table legend: (Time is in decaauts)
 A = Elapsed time spent in this place.
 B = Non-inter-level travel time spent in this place.
 C = Inter-level travel time spent in this place.
 D = Time resting spent in this place.
 E = Time spent auto-exploring this place.
 F = Levels seen in this place.
 G = Mean time per level.
                   A        B        C        D        E       F      G
               +--------+--------+--------+--------+--------+-----+--------+
         Total |    999 |    975 |     24 |      4 |    778 |   3 |  333.0 |
       Dungeon |    999 |    975 |     24 |      4 |    778 |   3 |  333.0 |
               +--------+--------+--------+--------+--------+-----+--------+

Top non-repeatable levels by time:
     D:1: 895 daAuts
     D:2: 82 daAuts
     D:4: 21 daAuts
